 Dungeon Crawl Stone Soup version 0.26.1-2-gb8aa6d0cf2 (webtiles) character file.

Game seed: 6807403321639157442

2500 FishyPogo the Destroyer (level 9, -1/45 HPs)
             Began as a Tengu Conjurer on Feb 22, 2021.
             Was a Plaything of Xom.
             Slain by a centaur
             ... wielding a cursed -1 shortbow
              (7 damage)
             ... on level 7 of the Dungeon.
             The game lasted 00:50:07 (8571 turns).

FishyPogo the Destroyer (Tengu Conjurer)            Turns: 8571, Time: 00:50:09

Health: -1/45      AC:  2    Str:  9      XL:     9   Next: 53%
Magic:  31/35      EV: 16    Int: 22      God:    Xom [*.....]
Gold:   314        SH:  5    Dex: 13 (15) Spells: 9/17 levels left

rFire    + . .     SeeInvis .   E - +7 war axe of the Chickpea {vorpal, rF++ rN+ MP+9}
rCold    + . .     Faith    .   j - +0 buckler (curse)
rNeg     + . .     Spirit   .   a - +0 robe
rPois    .         Reflect  .   (helmet restricted)
rElec    .         Harm     .   x - scarf {repulsion}
rCorr    .         Rampage  .   (no gloves)
Will     .....                  (boots unavailable)
Stlth    +++.......             r - amulet of magic regeneration
HPRegen  0.15/turn              k - ring of ice
MPRegen  0.49/turn              q - ring of magical power

@: flying quickly and evasively, repel missiles, quick
A: antennae 1, beak, talons 3, agile 1, blink, strong 1, able to fly
a: Stop Flying, Blink, Renounce Religion


You were on level 7 of the Dungeon.
You worshipped Xom.
You were a special plaything of Xom.
You visited 1 branch of the dungeon, and saw 8 of its levels.
You also visited: Ossuary.

You collected 475 gold pieces.
You spent 161 gold pieces at shops.

Inventory:

Hand Weapons
 g - a +0 hunting sling
 s - a +1 dagger of freezing
 E - the +7 war axe of the Chickpea (weapon) {vorpal, rF++ rN+ MP+9}
   (You bought it in a shop on level 6 of the Dungeon)

   It inflicts extra damage upon your enemies.
   It greatly protects you from fire.
   It protects you from negative energy.
   It affects your magic capacity (+9).
Missiles
 b - 3 throwing nets
 c - 136 stones
 t - 8 boomerangs
 v - 4 atropa-tipped darts
 y - 16 poisoned darts
 D - 5 boomerangs of dispersal
Armour
 a - a +0 robe (worn)
 j - a cursed +0 buckler (worn)
 x - a scarf of repulsion (worn)
Jewellery
 k - a ring of ice (left hand)
 q - a ring of magical power (right hand)
 r - an amulet of magic regeneration (around neck)
 u - a +6 ring of strength
Wands
 B - a wand of flame (7)
 M - a wand of enslavement (4)
Scrolls
 d - 2 scrolls of enchant armour {unknown}
 e - 14 scrolls of teleportation
 f - 4 scrolls of identify
 i - 3 scrolls of random uselessness {unknown}
 l - 2 scrolls of immolation
 n - 2 scrolls of noise
 A - a scroll of brand weapon {unknown}
 F - a scroll of silence {unknown}
 G - 4 scrolls of remove curse {unknown}
 K - a scroll of summoning {unknown}
 N - a scroll of magic mapping
Potions
 h - a potion of resistance {unknown}
 m - 3 potions of lignification
 o - a potion of berserk rage {unknown}
 p - a potion of magic
 w - 2 potions of attraction {unknown}
 z - 5 potions of curing
 C - a potion of brilliance {unknown}
 H - a potion of cancellation {unknown}
 I - 2 potions of degeneration {unknown}
 J - a potion of flight {unknown}
 L - 2 potions of might {unknown}


   Skills:
 + Level 3.4 Axes
 + Level 4.0 Dodging
 + Level 5.5 Stealth
 - Level 4.0 Shields
 + Level 4.9 Spellcasting
 * Level 9.2 Conjurations
 * Level 7.1 Summonings


You had 9 spell levels left.
You knew the following spells:

 Your Spells              Type           Power        Failure   Level
a - Magic Dart            Conj           100%         1%          1
b - Searing Ray           Conj           92%          1%          2
c - Call Canine Familiar  Summ           36%          1%          3
g - Call Imp              Summ           36%          1%          2

Your spell library contained the following spells:

 Spells                   Type           Power        Failure   Level
 Summon Small Mammal      Summ           100%         1%          1
 Dazzling Flash           Conj/Hex       50%          4%          3
 Summon Guardian Golem    Hex/Summ       21%          7%          3
 Animate Skeleton         Necr           10%          11%         1
 Apportation              Tloc           10%          11%         1
 Corona                   Hex            5%           11%         1
 Fulminant Prism          Conj/Hex       12%          16%         4
 Iskenderun's Mystic Bla  Conj/Tloc      25%          16%         4
 Summon Ice Beast         Ice/Summ       31%          24%         4
 Summon Lightning Spire   Summ/Air       21%          24%         4
 Confusing Touch          Hex            5%           30%         3
 Gell's Gravitas          Tloc           2%           30%         3
 Petrify                  Tmut/Erth      5%           71%         4
 Metabolic Englaciation   Hex/Ice        4%           96%         5
 Yara's Violent Unravell  Hex/Tmut       2%           96%         5


Dungeon Overview and Level Annotations

Branches:
Dungeon (8/15)            Ossuary (visited)
 Temple: D:4-7         Lair: D:8-11

Altars:
Hepliaklqana
Kikubaaqudgha
Nemelex Xobeh
Okawaru
Trog
Wu Jian
Xom
Yredelemnul

Shops:
D:6 (


Innate Abilities, Weirdness & Mutations

You have a beak for a mouth.
You have claws for feet.
You can fly continuously.
You have a pair of small antennae on your head.
You are agile. (Dex +2)
You can translocate small distances at will.
Your muscles are strong. (Str +2)


Message History

The puff of frost hits the orc wizard!
The orc wizard dies!
The centaur barely misses you. The centaur closely misses you.
The searing ray hits something!
You block something's attack.
The centaur hits you with a cursed -1 shortbow.
* * * LOW HITPOINT WARNING * * *
The searing ray hits something!
Reactivating autopickup.
You feel a bit more experienced.
You finish channeling your searing ray.
The centaur barely misses you.
Casting: Searing Ray (safe; 1% risk of failure)
Confirm with . or Enter, or press ? or * to list all spells.
Aiming: Magic Dart (safe; 1% risk of failure)
Press: ? - help, Shift-Dir - straight line, f - centaur
Aim: a centaur, wielding a -1 shortbow, wearing a +0 robe and quivering 9 arrows (heavily wounded, 0% to evade)
The magic dart hits the centaur.
The centaur is severely wounded.
The centaur hits you with a cursed -1 shortbow!
You die... "This toy is broken."

####.#.### #.##
#.# # #...# ####
##### # ##.##
....... #####.#
..#..#. ......#
....... #######
#.# ....... #.#
.......
#.##c(#..#.
#.#@)).....
#.#5####### ######
######## #.#).####
#.##.## .......#
#.##....# #.#.#.#
.#####.#
##.#####.# #.##.##
.# #.# ##..## #>#
#.##.#
.#####.#####....#
#.# #.##.#
..........###..###
#.# #.##.#
.#####...........#
#.# #.##.#


You could see a centaur and a friendly white imp (summoned).

Vanquished Creatures
  A human (D:4)
  Menkaure (Ossuary)
  2 ice beasts
  2 sky beasts
  A necrophage (D:6)
  2 ogres
  2 phantoms
  A centaur (D:7)
  2 big kobolds
  A bullfrog (D:6)
  3 scorpions
  2 howler monkeys (D:7)
  A jelly (D:7)
  A bullfrog skeleton (D:4)
  4 iguanas
  3 orc priests
  A hound (D:7)
  7 orc wizards
  6 worker ants
  2 killer bee zombies
  A hound zombie (D:5)
  3 mummies (Ossuary)
  A hound skeleton (D:5)
  A howler monkey zombie (D:6)
  A worker ant zombie (D:6)
  4 adders
  2 white imps
  2 ufetubi
  An ooze (D:3)
  2 adder skeletons
  4 worms
  A dart slug (D:2)
  4 leopard geckos
  19 orcs
  7 giant cockroaches
  3 gnoll zombies (Ossuary)
  5 goblins
  12 hobgoblins
  2 jackals (D:5)
  3 quokkas
  2 ball pythons
  6 bats
  8 frilled lizards
  8 gnoll skeletons (Ossuary)
  A goblin skeleton (Ossuary)
  7 goblin zombies
  2 hobgoblin skeletons (Ossuary)
  7 hobgoblin zombies (Ossuary)
  15 kobolds
  5 kobold skeletons (Ossuary)
  3 kobold zombies (Ossuary)
  A leopard gecko skeleton (D:4)
  5 orc skeletons (Ossuary)
  4 orc zombies (Ossuary)
  2 quokka zombies
  12 rats
  A rat skeleton (Ossuary)
  4 rat zombies
216 creatures vanquished.

Vanquished Creatures (collateral kills)
  An orc wizard (D:7)
  An orc (D:7)
  A kobold skeleton (Ossuary)
3 creatures vanquished.

Vanquished Creatures (others)
  A gnoll skeleton (Ossuary)
  A hobgoblin skeleton (Ossuary)
  26 plants
28 creatures vanquished.

Grand Total: 247 creatures vanquished

Notes
Turn   | Place    | Note
-------+----------+-------------------------------------------
     0 | D:1      | FishyPogo the Tengu Conjurer began the quest for the Orb.
     0 | D:1      | Reached XP level 1. HP: 10/10 MP: 4/4
   395 | D:1      | Reached XP level 2. HP: 15/15 MP: 3/6
  1139 | D:2      | Reached XP level 3. HP: 19/19 MP: 4/7
  1142 | D:2      | Learned a level 2 spell: Searing Ray
  1260 | D:2      | Found a shimmering altar of Xom.
  1263 | D:2      | Became a worshipper of Xom of Chaos
  1721 | D:2      | Found an ornate altar of the Wu Jian Council.
  1726 | D:2      | Found an iron altar of Okawaru.
  2261 | D:3      | Reached skill level 1 in Shields
  2261 | D:3      | Reached skill level 6 in Conjurations
  2261 | D:3      | Reached XP level 4. HP: 23/24 MP: 4/8
  2309 | D:3      | XOM: scenery: summon butterflies
  2408 | D:3      | Found a sparkling altar of Nemelex Xobeh.
  2523 | D:3      | XOM: god gift: blackened marble ring {god gift}
  2526 | D:3      | XOM: 6-stop teleportation journey
  2568 | D:3      | Learned a level 2 spell: Call Imp
  2591 | D:3      | Gained mutation: You can fly continuously. [Tengu growth]
  2591 | D:3      | Reached XP level 5. HP: 24/28 MP: 7/10
  2637 | D:3      | XOM: give mutations
  2637 | D:3      | Gained mutation: Your muscles are strong. (Str +2) [Xom's
                  | grace]
  2637 | D:3      | Gained mutation: You have a pair of small antennae on your
                  | head. [Xom's grace]
  2993 | D:3      | Found an ancient bone altar of Kikubaaqudgha.
  3203 | D:3      | Found a hazy altar of Hepliaklqana.
  3224 | D:3      | XOM: give mutation
  3224 | D:3      | Gained mutation: You can translocate small distances at
                  | will. [Xom's grace]
  3281 | D:4      | Found a runed translucent door.
  3281 | D:4      | Noticed a human
  3283 | D:4      | Found a basalt altar of Yredelemnul.
  3309 | D:4      | Killed a human
  3310 | D:4      | Reached XP level 6. HP: 28/32 MP: 4/11
  3881 | D:4      | XOM: divination: magic mapping
  4151 | D:4      | XOM: cloud trail
  4172 | D:4      | Reached XP level 7. HP: 36/36 MP: 6/12
  4287 | D:5      | Entered Level 5 of the Dungeon
  4375 | D:5      | Reached skill level 7 in Conjurations
  4738 | D:5      | XOM: noise
  4803 | D:5      | Reached XP level 8. HP: 41/41 MP: 12/14
  4820 | D:5      | XOM: noise
  4831 | D:5      | Reached skill level 5 in Summonings
  4998 | D:5      | XOM: scenery: summon butterflies
  5169 | D:6      | XOM: stealth player
  5311 | D:6      | XOM: 2-stop teleportation journey
  5355 | D:6      | Found Huleugiz's Antique Weapon Boutique.
  5364 | D:6      | Bought a fading war axe for 161 gold pieces
  5364 | D:6      | Identified the +7 war axe of the Chickpea {vorpal, rF++ rN+
                  | MP+9} (You bought it in a shop on level 6 of the Dungeon)
  5408 | D:6      | Reached skill level 1 in Axes
  5448 | D:6      | Found a sand-covered staircase.
  5454 | Ossuary  | Entered an ossuary
  5634 | Ossuary  | XOM: 2-stop teleportation journey
  5990 | Ossuary  | Noticed Menkaure
  6004 | Ossuary  | Killed Menkaure
  6005 | Ossuary  | Reached skill level 8 in Conjurations
  6059 | Ossuary  | Reached skill level 5 in Stealth
  6132 | D:6      | XOM: enchant monster (good)
  6176 | D:6      | XOM: 1-stop teleportation journey
  6362 | D:6      | Learned a level 3 spell: Call Canine Familiar
  6470 | D:6      | Reached XP level 9. HP: 22/45 MP: 16/16
  6681 | D:6      | XOM: 3-stop teleportation journey
  6731 | D:6      | XOM: summons 5 hostile demons
  7067 | D:6      | XOM is BORED!
  7067 | D:6      | XOM: torment (26/45 hp)
  7686 | D:7      | XOM: butterfly on damage
  7871 | D:7      | Reached skill level 9 in Conjurations
  8040 | D:7      | XOM: give mutation
  8040 | D:7      | Gained mutation: You are agile. (Dex +2) [Xom's mischief]
  8112 | D:7      | Found a bloodstained altar of Trog.
  8307 | D:7      | XOM: summons 5 hostile demons
  8560 | D:7      | XOM: polymorph shadow imp -> white imp
  8561 | D:7      | XOM: blink monster(s)
  8571 | D:7      | Slain by a centaur

Illustrated notes

Levels and vault maps discovered:
D:1:      zaba_arrival_water, layout_rooms, minmay_misc_feat_cross
D:2:      layout_basic, lemuel_doored_altar, minitemple, serial_bayou,
          serial_bayou_pond_e, serial_bayou_pond_a, serial_bayou_pond_e,
          serial_bayou_crossing, serial_bayou_lagoon_a
D:3:      wander_river, layout_loops_corners, lemuel_zombie_altar_kikubaaqudgha,
          lemuel_crystal_altar, nzn_hepliaklqana_mist_gate, minivault_4,
          grunt_ministairs_13
D:4:      layout_cave_pods, dk_yredelemnul_ordeal
D:5:      layout_rooms, lexackson_kobold_supper
D:6:      layout_loops_corners, nicolae_ossuary_entry_plus, serial_shops, shop
D:7:      layout_loops_ring, lemuel_coloured_pillars_altar, temple_hall
D:8:      layout_loops_corners, elyvilon_altar_4, dpeg_lair_monsters,
          serial_shops, nicolae_shop_window_shopping, makhleb_altar_promises_db,
          uniq_gastronok, uniq_pikel, uniq_harold

Skill      XL: |  1  2  3  4  5  6  7  8  9 |
---------------+----------------------------+-----
Dodging        | 3 4 |  4.0
Shields        | 1 2 3 4 |  4.0
Conjurations   | 6 7 8 9 |  9.2
Stealth        | 3 4 5 |  5.5
Spellcasting   | 3 4 |  4.9
Summonings     | 2 3 4 6 7 |  7.1
Axes           | 2 3 |  3.4

Action                   |  1- 3 |  4- 6 |  7- 9 || total
-------------------------+-------+-------+-------++-------
Melee: Dagger            |       |    20 |    10 ||    30
       Kick              |       |     7 |    10 ||    17
       Peck              |       |     2 |     8 ||    10
       War axe           |       |       |    78 ||    78
 Fire: Hunting sling     |    22 |       |       ||    22
 Cast: Magic Dart        |    83 |    67 |   242 ||   392
       Searing Ray       |     2 |     3 |    26 ||    31
       Call Imp          |       |     3 |    14 ||    17
       Call Canine Famil |       |       |     2 ||     2
 Abil: Fly               |       |     1 |       ||     1
       Blink             |       |       |     3 ||     3
  Use: Scroll            |       |       |    11 ||    11
       Potion            |       |       |     2 ||     2
 Stab: Sleeping          |       |     2 |     3 ||     5
Armor: Robe              |     4 |     3 |    10 ||    17
Dodge: Dodged            |    15 |    17 |   116 ||   148
       Repelled          |       |       |     4 ||     4
Block: Buckler           |     3 |     6 |    40 ||    49
